 Dungeon Crawl Stone Soup version 0.31-a0-257-gf185e81a89 (webtiles) character file.

Game seed: 16620633364050405050

674 qw the Shooter (level 7, -3/59 HPs)
             Began as a Minotaur Hexslinger on July 12, 2023.
             Slain by a lemure (5 damage)
             ... led by Pikel
             ... on level 4 of the Dungeon.
             The game lasted 00:01:22 (2980 turns).

qw the Shooter (Minotaur Hexslinger)                Turns: 2980, Time: 00:01:22

Health: -3/59      AC:  7    Str: 13    XL:     7   Next: 33%
Magic:  7/7        EV: 12    Int: 10    God:
Gold:   107        SH:  5    Dex: 20    Spells: 7/8 levels left

rFire   . . .        Y - +1 arbalest
rCold   . . .        (shield currently unavailable)
rNeg    . . .        g - +2 ring mail {Will+}
rPois   .            (helmet restricted)
rElec   .            (no cloak)
rCorr   .            (no gloves)
SInv    .            (no boots)
Will    ++...        d - amulet of reflection
Stlth   +            a - +6 ring of dexterity
HPRegen 0.29/turn    k - ring of willpower
MPRegen 0.10/turn

%: reflection
@: no status effects
A: horns 2, retaliatory headbutt
a: no special abilities


You were on level 4 of the Dungeon.
You visited 1 branch of the dungeon, and saw 4 of its levels.
You also visited: Sewer.

You collected 107 gold pieces.


Innate Abilities, Weirdness & Mutations

You have a pair of horns on your head.
You reflexively headbutt those who attack you in melee.


   Skills:
 - Level 4.3 Fighting
 + Level 7.7 Ranged Weapons
 - Level 1.2 Armour
 - Level 3.0 Dodging
 - Level 1.0 Spellcasting
 - Level 2.0 Hexes


You had 7 spell levels left.
You knew the following spells:

 Your Spells              Type           Power      Damage    Failure   Level
a - Slow                  Hex            16%        N/A       32%         1

Your spell library contained the following spells:

 Spells                   Type           Power      Damage    Failure   Level
 Inner Flame              Hex/Fire       2%         N/A       82%         3
 Portal Projectile        Hex/Tloc       4%         N/A       82%         3
 Cause Fear               Hex            2%         N/A       97%         4

Inventory:

Hand Weapons
 Y - a +1 arbalest (weapon)
Armour
 g - a +2 ring mail of willpower (worn)
Jewellery
 a - a +6 ring of dexterity (left hand)
 d - an amulet of reflection (around neck)
 k - a ring of willpower (right hand)
Scrolls
 c - 4 scrolls of identify
Potions
 b - 2 potions of mutation
 h - a potion of resistance
 i - 3 potions of curing

Dungeon Overview and Level Annotations

Branches:
Dungeon (4/15)              Sewer (visited)
 Temple: D:4-7

Altars:
Gozag
The Shining One

Annotations:
D:1 1 transporter
D:3 3 runed translucent doors, exclusion: gnoll, qw's ghost, amateur MiHs
D:4 Pikel


Message History

You shoot a bolt. The bolt barely misses Pikel.
The bolt closely misses the lemure.
The lemure closely misses you. You furiously retaliate!
You headbutt the lemure! You block Pikel's attack.
You shoot a bolt. The bolt barely misses the lemure.
The lemure closely misses you. You furiously retaliate!
You headbutt the lemure!
Pikel hits you with a +1 whip of freezing.
Pikel freezes you. The lemure barely misses you.
The lemure hits you but does no damage. You block the lemure's attack.
Pikel barely misses you.
You shoot a bolt. The bolt hits the lemure.
The lemure is severely wounded.
You block Pikel's attack. You block the lemure's attack. The lemure hits you.
Pikel barely misses you. The lemure hits you. x2
2976 ||| DRINKING potion of heal wounds.
You feel much better. The lemure hits you. The lemure misses you.
The lemure closely misses you. You furiously retaliate!
You headbutt the lemure. Pikel closely misses you.
You shoot a bolt. The bolt barely misses the lemure.
The lemure hits you. x3
Pikel hits you with a +1 whip of freezing.
Pikel freezes you.
You shoot a bolt. The bolt hits the lemure!!
You kill the lemure!
That felt strangely unrewarding.
The lemure closely misses you. You furiously retaliate!
You headbutt the lemure!
Pikel hits you with a +1 whip of freezing.
Pikel freezes you. The lemure hits you. The lemure barely misses you.
The lemure closely misses you.
Pikel hits you with a +1 whip of freezing!
Pikel freezes you.
You shoot a bolt. The bolt hits the lemure.
The lemure is almost dead.
The lemure hits you. You block Pikel's attack. The lemure barely misses you.
The lemure hits you but does no damage. The lemure barely misses you.
You furiously retaliate!
You headbutt the lemure! Pikel barely misses you. You furiously retaliate!
You headbutt Pikel, but do no damage. You shoot a bolt.
The bolt barely misses the lemure.
The lemure hits you.
You die...

#.............
#.............
#^..###.##.##.#
#...## .#
#....# . #....#
. #....# #..###
#5@# #5K)....#
#.......#
#..##...# #..#
...# #... ..[.
#... .## #...
.#


You could see Pikel and 2 lemures.

Vanquished Creatures
  An ice beast (D:3)
  2 lemures (D:4)
  2 bullfrogs (Sewer)
  A scorpion (D:4)
  An orc priest (D:3)
  6 gnolls
  9 adders
  11 river rats
  2 worms (D:3)
  6 orcs
  6 bats
  7 endoplasms
  3 giant cockroaches
  5 hobgoblins
  10 kobolds
  3 quokkas
  18 ball pythons
  4 frilled lizards
  11 goblins
  33 rats
141 creatures vanquished.

Notes
Turn   | Place    | Note
-------+----------+-------------------------------------------
     0 | D:1      | qw the Minotaur Hexslinger began the quest for the Orb.
     0 | D:1      | Reached XP level 1. HP: 16/16 MP: 1/1
     0 | D:1      | 0 ||| qw: Version: 0.3-a-52-g30416fa
     0 | D:1      | 0 ||| qw: Game counter: 6783
     0 | D:1      | 0 ||| qw: Melee chars always use a shield: true
     0 | D:1      | 0 ||| qw: God list: Okawaru
     0 | D:1      | 0 ||| qw: Allow faded altars: false
     0 | D:1      | 0 ||| qw: Do Orc after clearing Dungeon:15 true
     0 | D:1      | 0 ||| qw: Do second Lair branch before Depths: true
     0 | D:1      | 0 ||| qw: Lair rune preference: random
     0 | D:1      | 0 ||| qw: Goals: Normal
     0 | D:1      | 0 ||| PLANNING D:1-11
    14 | D:1      | 14 ||| SWAPPING to +0 arbalest.
    17 | D:1      | 17 ||| DROPPING +1 sling.
   137 | D:1      | Reached skill level 3 in Ranged Weapons
   144 | D:1      | Reached XP level 2. HP: 23/23 MP: 2/2
   598 | D:1      | Reached XP level 3. HP: 29/29 MP: 3/3
   781 | D:1      | 781 ||| UPGRADING to +2 ring mail of willpower.
   791 | D:1      | 791 ||| DROPPING +0 robe.
   792 | D:1      | 792 ||| UPGRADING to +6 ring of dexterity.
   793 | D:1      | 793 ||| READING 3 scrolls labelled ULOIWKAU APUCIRCH.
   794 | D:1      | 794 ||| READING scroll labelled IPLUGIXZAO.
   795 | D:1      | 795 ||| DROPPING scroll of poison.
   796 | D:1      | 796 ||| DROPPING 2 scrolls of fear.
   877 | D:2      | Reached skill level 4 in Ranged Weapons
   920 | D:2      | Reached skill level 1 in Armour
   968 | D:2      | Reached XP level 4. HP: 36/36 MP: 4/4
  1238 | D:2      | Reached skill level 5 in Ranged Weapons
  1363 | D:2      | 1363 ||| UPGRADING to amulet of regeneration.
  1368 | D:2      | 1368 ||| UPGRADING to amulet of reflection.
  1378 | D:2      | 1378 ||| DROPPING amulet of regeneration.
  1379 | D:2      | 1379 ||| UPGRADING to ring of willpower.
  1380 | D:2      | 1380 ||| READING scroll labelled IWIYKUEHED.
  1391 | D:3      | 1391 ||| PLANNING SEWER
  1610 | D:3      | Noticed an ice beast
  1615 | D:3      | Killed an ice beast
  1616 | D:3      | Reached XP level 5. HP: 46/46 MP: 5/5
  1650 | D:3      | 1650 ||| Stepping ~*~*~tactically~*~*~ (outnumbered).
  1652 | D:3      | 1652 ||| Stepping ~*~*~tactically~*~*~ (outnumbered).
  1661 | D:3      | 1661 ||| DRINKING 3 fuming ruby potions.
  1664 | D:3      | 1664 ||| FLEEEEING.
  1665 | D:3      | 1665 ||| FLEEEEING.
  1844 | D:3      | Found a glowing golden altar of the Shining One.
  1861 | D:3      | Found a runed translucent gate.
  1861 | D:3      | Found an opulent altar of Gozag.
  1862 | D:3      | Found a runed translucent gate.
  1862 | D:3      | Found a runed translucent gate.
  1862 | D:3      | Noticed qw's ghost (amateur MiHs)
  2000 | D:3      | Reached XP level 6. HP: 52/52 MP: 6/6
  2000 | D:3      | Found a glowing drain.
  2002 | D:3      | 2002 ||| DRINKING 2 coppery potions.
  2003 | D:3      | 2003 ||| READING 3 scrolls of identify.
  2003 | D:3      | 2003 ||| IDENTIFYING clear potion
  2004 | D:3      | 2004 ||| READING 2 scrolls of identify.
  2004 | D:3      | 2004 ||| IDENTIFYING murky pink potion
  2005 | D:3      | 2005 ||| DROPPING potion of degeneration.
  2014 | Sewer    | Entered a sewer
  2030 | Sewer    | 2030 ||| Stepping ~*~*~tactically~*~*~ (water).
  2053 | Sewer    | 2053 ||| Stepping ~*~*~tactically~*~*~ (water).
  2076 | Sewer    | Reached skill level 6 in Ranged Weapons
  2209 | Sewer    | 2209 ||| Stepping ~*~*~tactically~*~*~ (water).
  2304 | Sewer    | 2304 ||| Stepping ~*~*~tactically~*~*~ (water).
  2315 | Sewer    | Reached skill level 7 in Ranged Weapons
  2315 | Sewer    | HP: 12/52 [bullfrog (6)]
  2316 | Sewer    | 2316 ||| DRINKING 2 potions of heal wounds.
  2318 | Sewer    | Reached skill level 3 in Dodging
  2318 | Sewer    | Reached XP level 7. HP: 34/59 MP: 7/7
  2420 | Sewer    | 2420 ||| READING scroll labelled VOMUVU REDIH.
  2424 | Sewer    | 2424 ||| READING scroll labelled ABBE ZYEBEQEST.
  2425 | Sewer    | 2425 ||| READING scroll labelled ZEOTHR HUOHINKI.
  2426 | Sewer    | 2426 ||| DRINKING 2 murky dark potions.
  2427 | Sewer    | 2427 ||| READING 5 scrolls of identify.
  2427 | Sewer    | 2427 ||| IDENTIFYING smoky grey potion
  2428 | Sewer    | 2428 ||| READING 4 scrolls of identify.
  2428 | Sewer    | 2428 ||| IDENTIFYING green potion
  2429 | Sewer    | 2429 ||| DROPPING potion of magic.
  2430 | Sewer    | 2430 ||| DROPPING potion of attraction.
  2477 | D:3      | 2477 ||| PLANNING D:1-11
  2787 | D:3      | 2787 ||| READING scroll labelled TATUEPTA PICWASU.
  2829 | D:4      | 2829 ||| STAIRDANCE
  2962 | D:4      | Noticed Pikel
  2975 | D:4      | HP: 11/59 [lemure[Pikel] (6)]
  2976 | D:4      | 2976 ||| DRINKING potion of heal wounds.
  2978 | D:4      | HP: 4/59 [Pikel/+1 whip of freezing (2)]
  2979 | D:4      | HP: 1/59 [lemure[Pikel] (3)]
  2980 | D:4      | Slain by a lemure

Levels and vault maps discovered:
D:1:      spicycebolla_arrival_risky_transporter, layout_loops_corners
D:2:      layout_basic
D:3:      layout_loops_corners, tso_altar, ebering_ghost_gozag,
          portal_sewer_entry_b, kennysheep_generic_room_10
D:4:      layout_gridville, uniq_pikel

Skill      XL: |  1  2  3  4  5  6 |
---------------+-------------------+-----
Ranged Weapons | 3 4 5 7 |  7.7
Fighting       | 2 4 |  4.3
Armour         | 1 |  1.2
Dodging        | 3 |  3.0
Spellcasting   | |  1.0
Hexes          | |  2.0

Action                     |  1- 3 |  4- 6 |  7- 9 || total
---------------------------+-------+-------+-------++-------
   Fire: Arbalest          |    73 |   174 |    42 ||   289
    Use: Scroll            |     2 |     3 |     6 ||    11
         Potion            |       |     3 |     2 ||     5
 Armour: Robe              |     1 |       |       ||     1
         Ring mail         |     1 |    38 |    12 ||    51
  Dodge: Dodged            |    13 |    65 |    30 ||   108
  Block: Other             |       |    25 |     9 ||    34

Table legend:
 A = Non-vault XP
 B = Vault XP
 C = Vault XP percentage of total XP
 D = Non-vault monster count
 E = Vault monster count
 F = Vault count percentage of total count
                 A         B        C        D         E       F
            +---------+---------+-------+---------+---------+-------
      Total |     551 |     413 |  42.8 |      80 |      59 |  42.4
            +---------+---------+-------+---------+---------+-------
        D:1 |      44 |       0 |   0.0 |      28 |       0 |   0.0
        D:2 |     122 |       0 |   0.0 |      23 |       0 |   0.0
        D:3 |     269 |      35 |  11.5 |      23 |       6 |  20.7
        D:4 |     116 |       0 |   0.0 |       6 |       0 |   0.0
      Sewer |       0 |     378 | 100.0 |       0 |      53 | 100.0
            +---------+---------+-------+---------+---------+-------
